 Dungeon Crawl Stone Soup version 0.16.1-5-gaa23807 (webtiles) character file.

202 wojtek the Cutter (level 6, -1/35 HPs)
             Began as a Kobold Assassin on Mar 28, 2015.
             Slain by a centaur (4 damage)
             ... on level 3 of the Dungeon.
             The game lasted 00:06:26 (4750 turns).

wojtek the Cutter (Kobold Assassin)                 Turns: 4750, Time: 00:06:26

Health: -1/35      AC:  4    Str: 10    XL:     6   Next: 8%
Magic:  6/6        EV: 14    Int: 11    God:
Gold:   190        SH:  0    Dex: 17    Spells: 0 memorised, 5 levels left

rFire  . . .     SeeInvis .     b - +0 blowgun
rCold  . . .     Clarity  .     c - +0 robe
rNeg   . . .     SustAb   .     (no shield)
rPois  .         Gourm    .     q - +0 helmet
rElec  .         Spirit   .     d - +0 cloak
rCorr  .         Warding  .     (no gloves)
rMut   .         Stasis   .     (no boots)
MR     .....                    h - amulet of rage
Stlth  +++.......               (no ring)
                                (no ring)

@: not resistant to hostile enchantments, fairly stealthy
A: carnivore 3
a: Evoke Berserk Rage


You were on level 3 of the Dungeon.
You were very full.

You visited 1 branch of the dungeon, and saw 3 of its levels.

You collected 190 gold pieces.

Inventory:

Hand weapons
 a - a +2 dagger
 b - a +0 blowgun (weapon)
Missiles
 e - 12 poisoned needles (quivered)
 f - 2 curare-tipped needles
 m - 2 needles of sleeping
Armour
 c - a +0 robe (worn)
 d - a +0 cloak (worn)
 q - a +0 helmet (worn)
Jewellery
 h - an amulet of rage (around neck)
 o - an uncursed ring of flight {unknown}
 u - a cursed ring of loudness {unknown}
 v - a +4 ring of evasion {unknown}
Magical devices
 x - a wand of teleportation (1)
Scrolls
 i - 2 scrolls of remove curse {unknown}
 k - 3 scrolls of identify {unknown}
 n - a scroll of magic mapping {unknown}
 t - a scroll of enchant armour {unknown}
 y - a scroll of recharging {unknown}
Potions
 l - a potion of cancellation {unknown}
 p - a potion of heal wounds {unknown}
 r - a potion of magic {unknown}
 w - a potion of restore abilities {unknown}
Comestibles
 g - a meat ration
 s - 2 slices of pizza


   Skills:
 + Level 2.2 Fighting
 - Level 7.5 Short Blades
 - Level 2.6 Throwing
 + Level 1.6 Dodging
 - Level 5.3 Stealth


You had 5 spell levels left.
You didn't know any spells.

Dungeon Overview and Level Annotations

Branches:
Dungeon (3/15)

Altars:
Nemelex Xobeh
Okawaru
Sif Muna

Annotations:
D:2 ice beast


Innate Abilities, Weirdness & Mutations

You are small and have problems with some larger weapons.
You are carnivorous and can eat meat at any time.


Message History

The centaur is moderately wounded.
The centaur hits you!
* * * LOW HITPOINT WARNING * * *
Wield which item (- for none, * to show all)? (? for menu, Esc to quit)
b - a +0 blowgun (weapon)
The centaur hits you.
* * * LOW HITPOINT WARNING * * *
Firing (i - inventory. (,) - cycle):
e - 14 poisoned needles (quivered)
Press: ? - help, Shift-Dir - straight line, f - centaur
Aim: a centaur (moderately wounded)
You shoot a poisoned needle.
The poisoned needle barely misses the centaur.
The centaur closely misses you.
Firing (i - inventory. (,) - cycle):
e - 13 poisoned needles (quivered)
Press: ? - help, Shift-Dir - straight line, f/p - centaur
Aim: a centaur (moderately wounded)
You shoot a poisoned needle.
The poisoned needle closely misses the centaur.
The centaur hits you.
You die...

#.#
#####.###.#.###..#####
#r# #.......)# #.......
#.# #.#..##### #..#####
#.# #.#..# #.##
#.######.#.<# #.#
#........#..#######.#
#######.............#
#######.#>......####
#........@.#####.#
#.........c...##.#
#.######.####.##.# #..#
#.# ##.#
#..#####.####.##.#
#................#
#..####..####.####
#.............#
#..####..##############


You could see a centaur.

Vanquished Creatures
  An iguana (D:2)
  Robin (D:2)
  9 adders
  2 worms
  2 giant geckos (D:2)
  An ooze (D:2)
  An orc (D:3)
  A ball python (D:2)
  6 bats
  3 giant cockroaches (D:3)
  16 goblins
  11 hobgoblins
  3 jackals (D:1)
  2 quokkas
  3 giant newts (D:1)
  9 kobolds
  8 rats
79 creatures vanquished.

Notes
Turn   | Place    | Note
--------------------------------------------------------------
     0 | D:1      | wojtek, the Kobold Assassin, began the quest for the Orb.
     0 | D:1      | Reached XP level 1. HP: 12/12 MP: 1/1
   524 | D:1      | Reached XP level 2. HP: 15/17 MP: 2/2
  1142 | D:1      | Reached XP level 3. HP: 21/21 MP: 3/3
  1406 | D:2      | Reached skill level 5 in Short Blades
  1515 | D:2      | Noticed Robin
  1571 | D:1      | Reached XP level 4. HP: 8/26 MP: 4/4
  1873 | D:2      | Killed Robin
  2245 | D:2      | Reached skill level 6 in Short Blades
  2331 | D:2      | Reached XP level 5. HP: 19/30 MP: 5/5
  2768 | D:2      | Found a sparkling altar of Nemelex Xobeh.
  3122 | D:2      | Found a deep blue altar of Sif Muna.
  3189 | D:2      | Reached skill level 7 in Short Blades
  4155 | D:3      | Found an iron altar of Okawaru.
  4178 | D:3      | Reached XP level 6. HP: 35/35 MP: 6/6
  4303 | D:3      | Noticed an ice beast
  4750 | D:3      | Slain by a centaur

Action                   |  1- 3 |  4- 6 || total
-------------------------+-------+-------++-------
Melee: Dagger            |   108 |   235 ||   343
 Fire: Blowgun           |       |    12 ||    12
  Use: Potion            |       |     1 ||     1
 Stab: Sleeping          |     3 |     7 ||    10
       Distracted        |     1 |       ||     1
  Eat: Chunk             |     8 |    11 ||    19
